AoeStats
← Governor1234

Arabian Desert

510337241Analyzed
1v1 RM · 1d ago on Sep 30, 2026· 52m 46s· 2 players
Game mode
Random Map
Map size
Tiny (2 player)
Population
200
Speed
Normal
Resources
Standard
Victory
Conquest
Starting age
Dark Age
Ending age
Imperial Age
RankedLock teamsTeams togetherTeam positionsShared explorationLock speedFull tech treeHidden civsTurbo modeCheats
Victory
Defeat
🇨🇱 Franks · Chile
335
+16
🇨🇳 Vikings · China
337
-16
vicenntev
11:49 Feudal Age
12:44 Double-Bit Axe
17:03 Loom
24:11 Castle Age
25:43 Bow Saw
25:28 Gold Mining
25:28 Stone Mining
26:09 Stone Mining
26:55 Gold Shaft Mining
36:47 Imperial Age
35:27 Husbandry
36:43 Forging
36:34 Scale Mail Armor
38:37 Iron Casting
38:08 Scale Barding Armor
38:03 Padded Archer Armor
40:18 Cavalier
Governor1234
8:42 Loom
11:05 Feudal Age
11:32 Horse Collar
11:39 Double-Bit Axe
21:28 Gold Mining
21:29 Stone Mining
25:30 Castle Age
26:09 Forging
25:50 Fletching
26:46 Heavy Plow
27:18 Bodkin Arrow
26:47 Crossbowman
28:45 Gold Shaft Mining
30:14 Scale Mail Armor
34:19 Iron Casting
34:00 Chain Mail Armor
36:23 Ballistics
38:16 Chieftains
41:45 Imperial Age
41:56 Imperial Age
42:04 Capped Ram
43:44 Siege Ram
45:46 Arbalester
49:20 Blast Furnace
48:21 Bracer
50:17 Plate Mail Armor
51:52 Squires
51:56 Elite Varangian Guard
Connection lost

Rejoining the realm…

Still unreachable

The connection could not be restored.

Session expired

The server has moved on; the page needs a fresh start.